 Dungeon Crawl Stone Soup version 0.13.1-37-gb6f4c13 (webtiles) character file.

4568 RepoMan the Gusty (level 10, -8/63 HPs)
             Began as a Mummy Air Elementalist on Apr 3, 2014.
             Was a Believer of Okawaru.
             Killed by the air
             ... invoked by Gastronok
              (41 damage)
             ... on Level 9 of the Dungeon on Apr 4, 2014.
             The game lasted 02:22:50 (11037 turns).

RepoMan the Gusty (Mummy Air Elementalist)         Turns: 11037, Time: 02:22:52

HP  -8/63        AC  8     Str 11      XL: 10   Next:  5%
MP   0/22        EV 14     Int 17      God: Okawaru [**....]
Gold 494         SH  0     Dex 12      Spells:  4 memorised, 10 levels left

Res.Fire  : x . .   See Invis. : .   x - +0 blowgun
Res.Cold  : + . .   Warding    : .   e - +3 robe of Clouds {+Fly rElec}
Life Prot.: + + +   Conserve   : .   (no shield)
Res.Poison: +       Res.Corr.  : .   (no helmet)
Res.Elec. : +       Clarity    : .   u - +0 cloak
Sust.Abil.: . .     Spirit.Shd : .   c - +0 pair of elf gloves
Res.Mut.  : .       Stasis     : .   D - +0 pair of boots
Res.Rott. : +       Flight     : .   (no amulet)
Saprovore : . . .                    q - ring of wizardry
                                     A - +7,+5 ring of slaying

@: very slightly contaminated, somewhat resistant to hostile enchantments,
unstealthy
A: no food or potions, fire vulnerability, restore body, cold resistance 1, life
protection 3, poison resistance, torment resistance, unbreathing
a: Heroism, Renounce Religion, Evoke Flight


You were on level 9 of the Dungeon.
You worshipped Okawaru.
Okawaru was pleased with you.
You were not hungry.

You visited 2 branches of the dungeon, and saw 10 of its levels.

You collected 474 gold pieces.

Inventory:

Hand weapons
 o - a +4,+2 orcish long sword
 x - a +0 blowgun (weapon)
 C - a +0,+0 scythe
Armour
 c - a +0 pair of elven gloves (worn)
 e - the +3 robe of Clouds (worn) {+Fly rElec}
   (You found it on level 4 of the Dungeon)

   It insulates you from electricity.
   It lets you fly.
 u - a +0 cloak (worn)
 D - a +0 pair of boots (worn)
 F - a +0 leather armour of fire resistance
Magical devices
 h - a wand of teleportation (3)
 B - a wand of frost (2)
Scrolls
 a - a scroll of enchant weapon II {unknown}
 f - 6 scrolls of remove curse
 g - 5 scrolls of recharging
 i - 2 scrolls of amnesia
 j - 3 scrolls of enchant weapon I
 m - 5 scrolls of identify
 r - a scroll of magic mapping
 t - 4 scrolls of teleportation
Jewellery
 k - an uncursed ring of invisibility
 q - a ring of wizardry (right hand)
 y - an uncursed ring of teleport control
 A - a +7,+5 ring of slaying (left hand)
Books
 b - a book of Air

   Spells                             Type                      Level
   *Shock                             Conjuration/Air              1
   *Swiftness                         Charms/Air                   2
   *Repel Missiles                    Charms/Air                   2
   Flight                             Charms/Air                   3
   Static Discharge                   Conjuration/Air              3
   *Lightning Bolt                    Conjuration/Air              5


   Skills:
 + Level 1.5 Long Blades
 + Level 4.5 Dodging
 - Level 1.5 Stealth
 + Level 5.6 Spellcasting
 + Level 5.3 Conjurations
 * Level 7.8 Air Magic
 - Level 4.1 Evocations


You had 10 spell levels left.
You knew the following spells:

 Your Spells              Type           Power        Failure   Level  Hunger
a - Shock                 Conj/Air       ####         1%          1    N/A
b - Swiftness             Chrm/Air       ###.......   1%          2    N/A
e - Lightning Bolt        Conj/Air       ####......   10%         5    N/A
r - Repel Missiles        Chrm/Air       ###.......   1%          2    N/A

Dungeon Overview and Level Annotations

Branches:
Dungeon (9/27)             Temple (1/1) D:6             Orc (0/4) D:6
   Lair: D:8-13

Altars:
Ashenzari
Cheibriados
Elyvilon
Fedhas
Kikubaaqudgha
Makhleb
Nemelex Xobeh
Okawaru
Sif Muna
Trog
Vehumet
Xom
Yredelemnul
Zin
the Shining One

Shops:
D:7 [

Annotations:
D:9 Gastronok


Innate Abilities, Weirdness & Mutations

You do not eat or drink.
Your flesh is vulnerable to fire.
Your flesh is cold resistant.
You are immune to negative energy.
Your system is resistant to poisons.
You are immune to unholy pain and torment.
You can survive without breathing.


Message History

The puff of frost hits Gastronok.
Gastronok is almost dead.
This wand has 2 charges left.
Casting: Lightning Bolt
Confirm with . or Enter, or press ? or * to list all spells.
Aiming: Shock
Press: ? - help, Shift-Dir - straight line, p - Gastronok The zap hits Gastronok.
Gastronok is almost dead.
Casting: Shock
Confirm with . or Enter, or press ? or * to list all spells.
Aiming: Shock
Press: ? - help, Shift-Dir - straight line The zap hits Gastronok.
Gastronok is almost dead.
Gastronok's eyestalks wobble, almost dislodging his wizard hat.
Gastronok waves his eye-stalks in wide circles.
The air twists around and strikes you!
Ouch! That really hurt!
You die...

#(# #..........% #.# #######
#.########## #§# ##...... #.# #
#.####...###########.## #######
#.((((.#..........#...###...§..
######$(.####...........#.#####
##.## #j###.#...#.#.#
#########.# #.###....##.#.#
..........# #.@......##.#.#
########### #.............#
#...§....##.### #...........#
##.......#### #.......#
#.......# ####.#### #.#


You could see Gastronok.

Vanquished Creatures
  The ghost of dragonhide the Basher, an experienced OgHu of Elyvilon (D:7)
  Erolcha (D:8)
  A troll (D:9)
  Eustachio (D:8)
  A hill giant skeleton (D:7)
  A manticore (D:9)
  A yellow wasp (D:6)
  3 centaurs
  2 orc warriors (D:5)
  4 ogres
  Sigmund (D:7)
  Duvessa (D:6)
  A giant frog (D:7)
  Blork the orc (D:8)
  A killer bee (D:6)
  A yak skeleton (D:8)
  A goliath beetle (D:7)
  Dowan (D:6)
  5 crimson imps
  4 jellies
  2 orc priests
  2 hounds
  3 iguanas
  4 orc wizards
  5 worker ants
  Ijyb (D:2)
  13 adders
  A shadow imp (D:8)
  A white imp (D:8)
  4 worms
  A grey rat (D:8)
  2 giant eyeballs
  5 giant geckos
  23 orcs
  3 ball pythons
  5 giant cockroaches
  17 goblins
  22 hobgoblins
  7 quokkas
  12 bats
  23 giant newts
  A giant spore (D:6)
  2 hobgoblin skeletons
  9 jackals
  6 kobolds
  19 rats
  8 ballistomycetes (D:6)
  14 butterflies (D:7)
248 creatures vanquished.

Vanquished Creatures (others)
  A big fish (D:6)
  A quokka skeleton (D:6)
2 creatures vanquished.

Grand Total: 250 creatures vanquished

Notes
Turn   | Place    | Note
--------------------------------------------------------------
     0 | D:1      | RepoMan, the Mummy Air Elementalist, began the quest for the Orb.
     0 | D:1      | Reached XP level 1. HP: 13/13 MP: 3/3
   351 | D:1      | Reached XP level 2. HP: 17/19 MP: 1/4
   454 | D:1      | Learned a level 2 spell: Swiftness
   917 | D:1      | Reached skill level 1 in Conjurations
  1226 | D:2      | Reached XP level 3. HP: 16/24 MP: 0/6
  1326 | D:2      | Learned a level 2 spell: Repel Missiles
  1614 | D:2      | Noticed Ijyb
  1790 | D:2      | Reached skill level 3 in Air Magic
  1969 | D:2      | Reached XP level 4. HP: 16/30 MP: 1/7
  2016 | D:2      | Reached skill level 1 in Evocations
  2318 | D:2      | Killed Ijyb
  3007 | D:3      | Reached XP level 5. HP: 31/35 MP: 4/9
  4330 | D:4      | Found a snail-covered altar of Cheibriados.
  4650 | D:5      | Entered Level 5 of the Dungeon
  4779 | D:5      | Reached XP level 6. HP: 35/41 MP: 3/11
  4862 | D:5      | Paralysed by a giant eyeball for 3 turns
  4882 | D:5      | Noticed an ogre
  4909 | D:5      | Killed an ogre
  4909 | D:5      | Reached skill level 4 in Air Magic
  5685 | D:5      | Reached XP level 7. HP: 46/46 MP: 10/13
  5726 | D:5      | Found a shimmering altar of Xom.
  5930 | D:6      | Noticed Dowan
  5948 | D:6      | Killed Dowan
  5966 | D:6      | Noticed Duvessa
  6016 | D:6      | Killed Duvessa
  6136 | D:6      | Found a staircase to the Orcish Mines.
  6144 | D:6      | Noticed dragonhide's ghost (experienced OgHu)
  6395 | D:5      | Reached skill level 5 in Air Magic
  6710 | D:6      | Found a staircase to the Ecumenical Temple.
  6741 | D:6      | Found a white marble altar of Elyvilon.
  6749 | D:6      | Reached XP level 8. HP: 52/52 MP: 13/16
  7012 | D:6      | Paralysed by a giant eyeball for 3 turns
  7023 | D:6      | Found a radiant altar of Vehumet.
  7121 | Temple   | Entered the Ecumenical Temple
  7243 | Temple   | Became a worshipper of Warmaster Okawaru
  7314 | D:7      | Noticed Sigmund
  8304 | D:7      | Reached skill level 6 in Air Magic
  8387 | D:7      | Learned a level 5 spell: Lightning Bolt
  8447 | D:7      | Killed Sigmund
  8553 | D:7      | Found Fiyryf's Antique Armour Shoppe.
  8607 | D:7      | Found a basalt altar of Yredelemnul.
  8628 | D:7      | Reached XP level 9. HP: 57/57 MP: 19/19
  9028 | D:7      | Noticed dragonhide's ghost (experienced OgHu)
  9392 | D:7      | Killed dragonhide's ghost
  9392 | D:7      | Acquired Okawaru's first power
  9392 | D:7      | Reached skill level 7 in Air Magic
  9525 | D:7      | Reached skill level 5 in Spellcasting
  9719 | D:8      | Noticed Eustachio
  9744 | D:8      | Killed Eustachio
  9748 | D:8      | Noticed Erolcha
 10160 | D:8      | Killed Erolcha
 10160 | D:8      | Reached skill level 1 in Long Blades
 10160 | D:8      | Reached skill level 5 in Conjurations
 10222 | D:8      | Noticed Blork the orc
 10240 | D:8      | Killed Blork the orc
 10801 | D:9      | Reached XP level 10. HP: 59/63 MP: 10/22
 10961 | D:9      | Noticed Gastronok
 11037 | D:9      | Killed from afar by Gastronok

Action                   |  1- 3 |  4- 6 |  7- 9 | 10-12 || total
-------------------------+-------+-------+-------+-------++-------
Melee: Unarmed           |    44 |    22 |       |       ||    66
       Dagger            |       |     6 |       |       ||     6
       Quarterstaff      |       |    24 |     2 |       ||    26
       Long sword        |       |       |   114 |     1 ||   115
 Fire: Blowgun           |       |    18 |   192 |    26 ||   236
       Bow               |       |       |    15 |       ||    15
Throw: Dart              |    11 |     3 |       |       ||    14
 Cast: Shock             |    70 |   169 |   139 |     8 ||   386
       Swiftness         |     1 |     1 |    22 |       ||    24
       Repel Missiles    |       |       |    14 |     1 ||    15
       Lightning Bolt    |       |       |    13 |     4 ||    17
 Abil: Evoke Invisibilit |       |       |     1 |       ||     1
Evoke: Wand              |       |       |       |     4 ||     4
  Use: Scroll            |       |     3 |    16 |       ||    19
